[Event "42nd Olympiad Baku 2016 Open"]
[Site "Baku"]
[Date "2016.09.08"]
[Round "6.21"]
[White "Prasad, Calvin"]
[Black "Al-Hajiri, Bader"]
[Result "0-1"]
[ECO "A06"]
[WhiteElo "2013"]
[BlackElo "2116"]
[Annotator ""]
[PlyCount "60"]
[EventDate "2016.??.??"]
[EventCountry "AZE"]
[SourceTitle "playchess.com"]
[Source "ChessBase"]
[WhiteTeam "Fiji"]
[BlackTeam "Kuwait"]
[WhiteTeamCountry "FIJ"]
[BlackTeamCountry "KUW"]
[TimeControl "40/5400+30:1800+30"]

1. Nf3 {(00:00} d5 {(00:09} 2. c4 {(00:00} c6 {(
01:15} 3. g3 {(00:22} dxc4 {(00:53} 4. Qc2 {(00:05} b5
{(00:41} 5. b3 {(00:52} cxb3 {(00:10} 6. axb3 {(
00:02} Bb7 {(01:09} 7. Ba3 {(01:22} Nf6 {(00:40} 8.
Bg2 {(01:24} g6 {(00:13} 9. O-O {(03:06} Bg7 {(
07:46} 10. d4 {(00:11} O-O {(00:22} 11. Nbd2 {(00:06}
Nbd7 {(01:36} 12. e4 {(02:51} a5 {(04:25} 13. Rfe1 {
(03:10} b4 {(10:01} 14. Bb2 {(00:09} e5 {(01:10]
} 15. dxe5 {(01:29} Ng4 {(00:13} 16. Nc4 {(03:18} Qc7 {
(01:00} 17. Rec1 {(14:31} Ngxe5 {(01:48} 18. Ncxe5 {
(01:13} Nxe5 {(00:15} 19. Nxe5 {(00:27} Bxe5 {(
00:09} 20. Bxe5 {(00:11} Qxe5 {(00:06} 21. Qc5 {(00:13]
} Rfe8 {(02:03} 22. f4 {(05:12} Qb2 {(04:10} 23. Rcb1 {
(20:32} Qe2 {(00:47} 24. Re1 {(00:13} Qb5 {(01:
34} 25. Rec1 {(00:19} a4 {(03:41} 26. bxa4 {(03:09}
Rxa4 {(00:19} 27. Qxb5 {(08:42} cxb5 {(00:07} 28. Rxa4
{(00:11} bxa4 {(00:07} 29. Rc4 {(00:03} a3 {(00:
31} 30. Rxb4 {(00:13} a2 {(00:14} 0-1

[Event "42nd Olympiad Baku 2016 Open"]
[Site "Baku"]
[Date "2016.09.08"]
[Round "6.13"]
[White "Predojevic, Borki"]
[Black "Rozentalis, Eduardas"]
[Result "1/2-1/2"]
[ECO "C10"]
[WhiteElo "2642"]
[BlackElo "2565"]
[Annotator ""]
[PlyCount "60"]
[EventDate "2016.??.??"]
[EventCountry "AZE"]
[SourceTitle "playchess.com"]
[Source "ChessBase"]
[WhiteTeam "Bosnia  Herzegovina"]
[BlackTeam "Lithuania"]
[WhiteTeamCountry "BIH"]
[BlackTeamCountry "LTU"]
[TimeControl "40/5400+30:1800+30"]

1. e4 {(00:00} e6 {(00:00} 2. d4 {(00:00} d5 {(
00:00} 3. Nc3 {(00:00} dxe4 {(00:52} 4. Nxe4 {(00:32}
Bd7 {(00:10} 5. Nf3 {(00:37} Bc6 {(00:17} 6. Bd3 {
(00:41} Nd7 {(00:21} 7. O-O {(00:23} Ngf6 {(01:
07} 8. Ng3 {(00:29} Be7 {(01:20} 9. Qe2 {(03:03} O-O {
(02:04} 10. Ne5 {(07:21} Nxe5 {(04:14} 11. dxe5 {
(00:13} Nd7 {(02:56} 12. Rd1 {(03:42} Qe8 {(05:
46} 13. c3 {(05:57} a5 {(03:19} 14. Bf4 {(14:03} Kh8 {
(11:21} 15. Rd2 {(07:21} Nc5 {(09:50} 16. Bc2 {(
00:24} Rd8 {(00:12} 17. Rad1 {(03:54} Rd5 {(01:28} 18.
Rxd5 {(10:06} Bxd5 {(01:55} 19. c4 {(00:38} Bc6 {
(00:06} 20. Nh5 {(00:40} f5 {(06:59} 21. exf6 {(
03:48} gxf6 {(00:11} 22. Ng3 {(00:16} Rg8 {(05:26} 23.
Bxc7 {(17:33} Bxg2 {(02:35} 24. Kxg2 {(01:59} Qc6+ {
(01:44} 25. Qf3 {(11:11} Qxc7 {(00:13} 26. Kf1 {
(00:10} Qe5 {(05:56} 27. Re1 {(03:13} Qg5 {(14:
24} 28. Ne4 {(00:50} Qg4 {(07:26} 29. Qxg4 {(00:34}
Rxg4 {(00:04} 30. Nxc5 {(00:05} Bxc5 {(00:05} 1/2-1/2

[Event "42nd Olympiad Baku 2016 Open"]
[Site "Baku"]
[Date "2016.09.08"]
[Round "6.16"]
[White "Pultinevicius, Paulius"]
[Black "Marjanovic, Dejan"]
[Result "1/2-1/2"]
[ECO "A21"]
[WhiteElo "2351"]
[BlackElo "2432"]
[Annotator ""]
[PlyCount "143"]
[EventDate "2016.??.??"]
[EventCountry "AZE"]
[SourceTitle "playchess.com"]
[Source "ChessBase"]
[WhiteTeam "Lithuania"]
[BlackTeam "Bosnia  Herzegovina"]
[WhiteTeamCountry "LTU"]
[BlackTeamCountry "BIH"]
[TimeControl "40/5400+30:1800+30"]

1. c4 e5 2. Nc3 Bb4 3. Nd5 Bc5 4. e3 c6 5. Nc3 d6 6. d4 Bb4 7. Bd2 Nf6 8. a3
Ba5 9. Bd3 O-O 10. Nge2 Re8 11. b4 Bc7 12. Qc2 Nbd7 13. O-O Nf8 14. Rfe1 Ng6
15. Ng3 Be6 16. Bf1 d5 17. cxd5 Nxd5 18. dxe5 Nxe5 19. Nxd5 Qxd5 20. e4 Qb3 21.
Qc1 Rad8 22. Re3 Qa4 23. Bc3 f6 24. h3 Bb6 25. Re1 Nd3 26. Bxd3 Rxd3 27. Ne2
Qb3 28. e5 f5 29. a4 a6 30. Ra3 Qc4 31. Qg5 Bd8 32. Qh5 g6 33. Qh6 Qh4 34. Qxh4
Bxh4 35. Nf4 Rd7 36. Nxe6 Rxe6 37. Raa1 Rd3 38. Rac1 Bg5 39. Red1 Rxd1+ 40.
Rxd1 Kf7 41. g3 Ke8 42. f4 Be7 43. g4 Bd8 44. Kf2 Re7 45. Ke2 Rd7 46. Rh1 Rf7
47. g5 h5 48. gxh6 Rh7 49. e6 Rxh6 50. Be5 g5 51. Rg1 Rxe6 52. Kf3 Be7 53. Bb8
gxf4 54. Kxf4 Rh6 55. Kxf5 Rxh3 56. Bf4 Kf7 57. Rd1 b5 58. axb5 Rh5+ 59. Kg4
Rxb5 60. Rc1 Rb6 61. Kf3 Rxb4 62. Rxc6 a5 63. Ra6 a4 64. Bd6 Rb3+ 65. Ke4 Bxd6
66. Rxd6 Rh3 67. Ra6 Ke7 68. Kd4 Kd7 69. Kc4 Rh4+ 70. Kb5 Kc7 71. Rxa4 Rxa4 72.
Kxa4 1/2-1/2

[Event "42nd Olympiad Baku 2016 Open"]
[Site "Baku"]
[Date "2016.09.08"]
[Round "6.31"]
[White "Pulvett Marin, Daniel"]
[Black "Mohannad, Farhan"]
[Result "1-0"]
[ECO "E11"]
[WhiteElo "2434"]
[BlackElo "2294"]
[Annotator ""]
[PlyCount "81"]
[EventDate "2016.??.??"]
[EventCountry "AZE"]
[SourceTitle "playchess.com"]
[Source "ChessBase"]
[WhiteTeam "Venezuela"]
[BlackTeam "Jordan"]
[WhiteTeamCountry "VEN"]
[BlackTeamCountry "JOR"]
[TimeControl "40/5400+30:1800+30"]

1. d4 {(00:00} Nf6 {(00:00} 2. c4 {(00:00} e6 {(
00:00} 3. Nf3 {(00:00} Bb4+ {(00:12} 4. Nbd2 {(00:03}
b6 {(00:12} 5. a3 {(01:10} Bxd2+ {(00:15} 6. Bxd2 {
(00:34} Bb7 {(03:44} 7. Bg5 {(00:12} h6 {(00:58]
} 8. Bh4 {(00:22} d6 {(00:38} 9. e3 {(00:29} Nbd7 {
(00:22} 10. Be2 {(09:10} Qe7 {(01:33} 11. O-O {(
02:15} g5 {(01:20} 12. Bg3 {(00:09} Ne4 {(00:05} 13.
Nd2 {(01:01} Nxd2 {(12:59} 14. Qxd2 {(00:02} h5 {
(00:07} 15. f3 {(00:49} f5 {(00:53} 16. d5 {(16:
38} e5 {(09:39} 17. b4 {(01:53} Nf6 {(07:18} 18. Bd3 {
(09:22} h4 {(00:49} 19. Be1 {(00:15} e4 {(12:56]
} 20. fxe4 {(00:14} fxe4 {(00:13} 21. Bc2 {(04:02} O-O
{(02:51} 22. Qd4 {(00:45} Ng4 {(19:55} 23. Bc3 {
(00:17} Qe5 {(00:05} 24. Qxe5 {(00:20} dxe5 {(
00:02} 25. Rxf8+ {(00:18} Rxf8 {(00:08} 26. Re1 {(00:
13} b5 {(02:55} 27. cxb5 {(00:09} Bxd5 {(01:23} 28. h3
{(00:03} Nf2 {(03:04} 29. Bxe5 {(00:06} Nd3 {(
06:54} 30. Rd1 {(00:13} Bc4 {(00:08} 31. Bd4 {(00:17}
Bxb5 {(01:24} 32. Bb3+ {(00:22} Kh7 {(00:10} 33. Bd5 {
(00:25} Kh6 {(01:04} 34. Bxa7 {(02:13} Nf2 {(04:
04} 35. Bc5 {(01:29} Rf6 {(00:10} 36. Rd2 {(01:49} c6
{(03:05} 37. Be7 {(02:05} Rf5 {(02:21} 38. Be6 {
(00:12} Re5 {(01:05} 39. Rd6 {(00:08} Nd3 {(00:
41} 40. Bf8+ {(00:00} Kh7 {(00:00} 41. Bf7 {(00:20}
1-0

[Event "42nd Olympiad Baku 2016 Open"]
[Site "Baku"]
[Date "2016.09.08"]
[Round "6.14"]
[White "Radjabov, Teimour"]
[Black "Banikas, Hristos"]
[Result "1/2-1/2"]
[ECO "A48"]
[WhiteElo "2722"]
[BlackElo "2571"]
[Annotator ""]
[PlyCount "65"]
[EventDate "2016.??.??"]
[EventCountry "AZE"]
[SourceTitle "playchess.com"]
[Source "ChessBase"]
[WhiteTeam "Azerbaijan"]
[BlackTeam "Greece"]
[WhiteTeamCountry "AZE"]
[BlackTeamCountry "GRE"]
[TimeControl "40/5400+30:1800+30"]

1. d4 {(00:00} Nf6 {(00:00} 2. Bf4 {(00:00} g6 {
(03:01} 3. Nf3 {(00:18} Bg7 {(00:09} 4. Nbd2 {(
00:08} O-O {(11:30} 5. c3 {(00:36} d6 {(01:54} 6. h3 {
(03:42} b6 {(02:10} 7. e4 {(13:01} Bb7 {(01:42}
8. Qc2 {(00:03} e5 {(21:08} 9. Be3 {(03:23} Nbd7 {
(11:42} 10. Bd3 {(03:05} Re8 {(04:08} 11. dxe5 {
(12:41} Nxe5 {(10:04} 12. Nxe5 {(00:20} Rxe5 {(
00:05} 13. O-O {(12:27} Qe8 {(00:02} 14. Bf4 {(23:16}
Re6 {(00:39} 15. f3 {(07:03} d5 {(01:25} 16. Bxc7 {
(02:27} Rc8 {(00:06} 17. Bg3 {(01:37} dxe4 {(00:
09} 18. Nxe4 {(00:50} Nxe4 {(00:16} 19. fxe4 {(00:18}
Bxe4 {(00:11} 20. Bxe4 {(01:33} Rxe4 {(00:05} 21. Rae1
{(00:53} Rxe1 {(01:34} 22. Rxe1 {(00:07} Qd7 {(
00:05} 23. Qe4 {(02:10} Bf6 {(01:53} 24. Kh2 {(01:15}
b5 {(02:41} 25. Re3 {(00:33} Qc6 {(01:13} 26. Qxc6 {
(04:43} Rxc6 {(00:06} 27. Re8+ {(00:09} Kg7 {(
00:04} 28. Be5 {(00:12} Bxe5+ {(01:15} 29. Rxe5 {(00:
02} a6 {(00:06} 30. a4 {(01:18} bxa4 {(00:17} 31. Ra5
{(00:03} Rb6 {(00:09} 32. Rxa4 {(00:02} Rxb2 {(
00:06} 33. Rxa6 {(00:02} 1/2-1/2

[Event "42nd Olympiad Baku 2016 Open"]
[Site "Baku"]
[Date "2016.09.08"]
[Round "6.20"]
[White "Ralison, Milanto Harifidy"]
[Black "Kalugampitiya, R S."]
[Result "1-0"]
[ECO "B98"]
[WhiteElo "2058"]
[BlackElo "2107"]
[Annotator ""]
[PlyCount "57"]
[EventDate "2016.??.??"]
[EventCountry "AZE"]
[SourceTitle "playchess.com"]
[Source "ChessBase"]
[WhiteTeam "Madagascar"]
[BlackTeam "Sri Lanka"]
[WhiteTeamCountry "MAD"]
[BlackTeamCountry "SRI"]
[TimeControl "40/5400+30:1800+30"]

1. e4 {(00:00} c5 {(00:00} 2. Nf3 {(00:00} d6 {(
00:00} 3. d4 {(00:00} cxd4 {(00:00} 4. Nxd4 {(00:00}
Nf6 {(00:00} 5. Nc3 {(00:09} a6 {(00:05} 6. Bg5 {
(00:05} e6 {(00:57} 7. f4 {(00:07} Be7 {(00:47}
8. Qf3 {(00:56} Qc7 {(00:44} 9. O-O-O {(01:40} O-O {
(03:31} 10. g4 {(01:09} b5 {(01:17} 11. a3 {(02:
09} Bb7 {(02:55} 12. h4 {(03:13} Nc6 {(14:23} 13. f5 {
(11:18} Rac8 {(11:43} 14. Kb1 {(06:57} Nxd4 {(
05:53} 15. Rxd4 {(00:27} d5 {(00:56} 16. Bg2 {(19:34}
Nxe4 {(12:53} 17. Bxe7 {(02:30} Nxc3+ {(01:06} 18. Qxc3
{(00:09} Qxe7 {(00:05} 19. Qe3 {(02:18} Qc5 {(
08:30} 20. c3 {(00:41} Rfe8 {(06:49} 21. f6 {(07:43}
gxf6 {(04:24} 22. g5 {(09:55} f5 {(01:29} 23. Qe1 {
(01:43} Qe7 {(09:46} 24. Qe5 {(03:09} Qc7 {(01:
04} 25. Qf6 {(00:51} Qg3 {(00:51} 26. Rd2 {(01:24} Rc4
{(04:53} 27. h5 {(03:20} Qc7 {(06:02} 28. h6 {(
00:43} Kf8 {(00:15} 29. g6 {(00:11} 1-0

[Event "42nd Olympiad Baku 2016 Open"]
[Site "Baku"]
[Date "2016.09.08"]
[Round "6.18"]
[White "Ranaivoharisoa, Alain"]
[Black "Kavinda, Akila"]
[Result "0-1"]
[ECO "B06"]
[WhiteElo "2169"]
[BlackElo "2020"]
[Annotator ""]
[PlyCount "112"]
[EventDate "2016.??.??"]
[EventCountry "AZE"]
[SourceTitle "playchess.com"]
[Source "ChessBase"]
[WhiteTeam "Madagascar"]
[BlackTeam "Sri Lanka"]
[WhiteTeamCountry "MAD"]
[BlackTeamCountry "SRI"]
[TimeControl "40/5400+30:1800+30"]

1. e4 {(00:00} d6 {(00:00} 2. d4 {(00:00} g6 {(
00:00} 3. Nc3 {(00:02} Bg7 {(00:00} 4. f4 {(00:15} a6
{(00:00} 5. Nf3 {(02:26} b5 {(01:26} 6. a4 {(04:
15} b4 {(01:21} 7. Nb1 {(00:18} Bb7 {(01:46} 8. Bd3 {
(02:17} Nd7 {(04:09} 9. O-O {(08:47} c5 {(06:50]
} 10. c3 {(06:22} Nh6 {(16:44} 11. h3 {(17:03} O-O {
(07:30} 12. Be3 {(04:44} c4 {(20:23} 13. Bxc4 {(
05:21} Bxe4 {(00:15} 14. Nbd2 {(04:57} Bb7 {(01:58}
15. Qb3 {(13:44} Nb6 {(14:08} 16. a5 {(11:12} Nxc4 {
(02:17} 17. Nxc4 {(01:30} Nf5 {(07:32} 18. Bd2 {
(04:25} bxc3 {(07:48} 19. bxc3 {(00:19} Bd5 {(
01:01} 20. Qb4 {(00:50} Bxf3 {(02:39} 21. gxf3 {(01:18]
} Rb8 {(00:33} 22. Nb6 {(05:26} e6 {(00:10} 23. Qc4 {
(04:50} Qh4 {(01:03} 24. Qe2 {(00:17} Ng3 {(01:
05} 25. Qg2 {(00:11} Nxf1 {(00:07} 26. Kxf1 {(00:30}
Rb7 {(00:43} 27. Be3 {(00:42} d5 {(00:18} 28. Ke2 {
(00:27} Rfb8 {(00:53} 29. Kd3 {(00:52} Qf6 {(00:
08} 30. Qg5 {(00:24} h6 {(00:30} 31. Qxf6 {(00:22}
Bxf6 {(00:04} 32. f5 {(00:25} Bd8 {(00:51} 33. Na4 {
(00:53} Rb1 {(01:12} 34. Ra2 {(00:18} Rd1+ {(00:
51} 35. Ke2 {(00:19} Rh1 {(00:12} 36. Bf4 {(01:06} Rb5
{(00:07} 37. fxe6 {(00:18} fxe6 {(00:14} 38. Nc5 {
(00:29} g5 39. Be5 {(00:10} Bf6 {(01:50} 40. Bc7 {
(00:00} Bd8 {(00:00} 41. Be5 {(01:31} Rxa5 {(04:
25} 42. Rc2 {(00:15} Raa1 {(05:47} 43. Rb2 {(10:04}
Rhb1 {(03:14} 44. Rxb1 {(00:13} Rxb1 {(00:04} 45. Nxe6
{(00:09} Bb6 {(03:13} 46. f4 {(00:29} a5 {(04:
46} 47. Kd3 {(02:32} a4 {(00:41} 48. Kc2 {(00:18} Rb5
{(00:46} 49. fxg5 {(01:34} a3 {(05:03} 50. gxh6 {
(00:38} Kh7 {(02:31} 51. Bg7 {(00:22} a2 {(00:
18} 52. Nf8+ {(04:23} Kg8 {(00:05} 53. Be5 {(00:42}
a1=Q {(00:14} 54. h7+ {(00:29} Kf7 {(00:24} 55. h8=Q {
(01:03} Rb2+ {(00:34} 56. Kd3 {(00:05} Qf1+ {(
00:10} 0-1

[Event "42nd Olympiad Baku 2016 Open"]
[Site "Baku"]
[Date "2016.09.08"]
[Round "6.20"]
[White "Ribbegren, Karl Johan"]
[Black "Studer, Noel"]
[Result "0-1"]
[ECO "A46"]
[WhiteElo "2267"]
[BlackElo "2445"]
[Annotator ""]
[PlyCount "70"]
[EventDate "2016.??.??"]
[EventCountry "AZE"]
[SourceTitle "playchess.com"]
[Source "ChessBase"]
[WhiteTeam "Monaco"]
[BlackTeam "Switzerland"]
[WhiteTeamCountry "MNC"]
[BlackTeamCountry "SUI"]
[TimeControl "40/5400+30:1800+30"]

1. d4 {(00:00} e6 {(00:00} 2. e3 {(00:17} Nf6 {(
00:43} 3. Nf3 {(00:29} b6 {(00:53} 4. Nbd2 {(03:08}
Bb7 {(00:06} 5. Bd3 {(00:54} d5 {(00:59} 6. O-O {
(03:10} Nbd7 {(01:52} 7. b3 {(01:49} Bd6 {(00:
18} 8. Bb2 {(00:21} O-O {(00:21} 9. Ne5 {(04:21} Qe7 {
(02:25} 10. c4 {(07:14} c5 {(01:42} 11. Qc2 {(
06:03} cxd4 {(01:15} 12. exd4 {(00:41} Rac8 {(00:57}
13. Rfe1 {(05:01} Rfd8 {(02:58} 14. Re3 {(05:12} Nf8 {
(02:33} 15. Qd1 {(03:37} Ba3 {(14:42} 16. Qc1 {(
07:39} Bxb2 {(01:10} 17. Qxb2 {(00:04} Ng6 {(04:55}
18. Rae1 {(03:07} Ne8 {(22:15} 19. Ndf3 {(02:47} Nd6 {
(02:52} 20. Nxg6 {(09:14} hxg6 {(00:05} 21. Bxg6 {
(11:14} dxc4 {(01:57} 22. Bb1 {(02:27} cxb3 {(
05:57} 23. axb3 {(00:11} Bxf3 {(00:14} 24. Rxf3 {(01:
44} Nb5 {(00:04} 25. Rh3 {(01:21} Nxd4 {(07:02} 26.
Bh7+ {(03:24} Kf8 {(00:04} 27. Bd3 {(01:34} Qb4 {
(01:27} 28. Rd1 {(00:45} Ke7 {(04:35} 29. Kf1 {(
07:14} Rc5 {(02:09} 30. f4 {(02:53} Qxb3 {(03:29} 31.
Qd2 {(00:37} Nc6 {(00:43} 32. f5 {(00:28} Rxf5+ {
(00:37} 33. Rf3 {(01:31} Rxf3+ {(00:31} 34. gxf3 {
(00:00} f6 {(00:15} 35. Qe2 {(02:29} Ne5 {(01:
06} 0-1

[Event "42nd Olympiad Baku 2016 Open"]
[Site "Baku"]
[Date "2016.09.08"]
[Round "6.5"]
[White "Rodriguez Vila, Andres"]
[Black "Rapport, Richard"]
[Result "0-1"]
[ECO "C55"]
[WhiteElo "2453"]
[BlackElo "2752"]
[Annotator ""]
[PlyCount "58"]
[EventDate "2016.??.??"]
[EventCountry "AZE"]
[SourceTitle "playchess.com"]
[Source "ChessBase"]
[WhiteTeam "Uruguay"]
[BlackTeam "Hungary"]
[WhiteTeamCountry "URU"]
[BlackTeamCountry "HUN"]
[TimeControl "40/5400+30:1800+30"]

1. e4 {(00:00} e5 {(00:02} 2. Nf3 {(00:00} Nc6 {
(00:05} 3. Bc4 {(00:00} Nf6 {(00:33} 4. d3 {(01:
06} h6 {(00:17} 5. O-O {(00:17} d6 {(00:06} 6. a4 {
(02:26} g5 {(04:28} 7. Nc3 {(00:39} Bg7 {(00:48]
} 8. Re1 {(00:48} Bg4 {(13:17} 9. h3 {(00:14} Bd7 {
(02:41} 10. Nh2 {(01:24} Ne7 {(02:26} 11. Be3 {(
08:01} Ng6 {(01:10} 12. d4 {(00:21} O-O {(04:41} 13.
f3 {(11:12} Nh5 {(02:45} 14. Ng4 {(01:15} Nhf4 {
(01:22} 15. dxe5 {(00:36} Nxe5 {(01:22} 16. Bf1 {
(01:43} h5 {(07:47} 17. Nf2 {(00:16} f5 {(05:45]
} 18. exf5 {(05:17} Rxf5 {(00:49} 19. Nce4 {(04:01} Kh8
{(02:49} 20. Ng3 {(10:23} Rf7 {(06:30} 21. Bxf4 {
(04:12} gxf4 {(00:32} 22. Nxh5 {(00:05} Bf8 {(
05:14} 23. Qd4 {(09:49} Qg5 {(14:36} 24. Nd3 {(01:26}
Bg7 {(00:25} 25. Nxe5 {(08:06} Bxe5 {(00:26} 26. Qd5 {
(01:20} Qxh5 {(00:14} 27. Qxb7 {(00:27} Rg8 {(
00:37} 28. Kh1 {(01:58} Bxh3 {(00:14} 29. gxh3 {(00:26]
} Qg5 {(00:09} 0-1

[Event "42nd Olympiad Baku 2016 Open"]
[Site "Baku"]
[Date "2016.09.08"]
[Round "6.13"]
[White "Rowe, Peter"]
[Black "Gontcharov, Serguei"]
[Result "1/2-1/2"]
[ECO "A46"]
[WhiteElo "1966"]
[BlackElo "1793"]
[Annotator ""]
[PlyCount "138"]
[EventDate "2016.??.??"]
[EventCountry "AZE"]
[SourceTitle "playchess.com"]
[Source "ChessBase"]
[WhiteTeam "Channel Islands"]
[BlackTeam "Bermuda"]
[WhiteTeamCountry "GCI"]
[BlackTeamCountry "BER"]
[TimeControl "40/5400+30:1800+30"]

1. d4 {(00:00} Nf6 {(00:00} 2. Nf3 {(00:06} c5 {
(00:00} 3. c3 {(00:25} e6 {(00:50} 4. Bf4 {(00:
39} d5 {(01:06} 5. e3 {(00:36} cxd4 {(01:33} 6. exd4 {
(00:16} Qb6 {(07:56} 7. Qb3 {(03:46} Nbd7 {(03:
21} 8. Nbd2 {(02:01} Be7 {(01:00} 9. h3 {(02:27} O-O {
(00:48} 10. Bd3 {(01:30} Re8 {(01:31} 11. O-O {(
01:03} Qxb3 12. axb3 a6 {(18:29} 13. Ra2 {(02:44} Nf8 {
(06:23} 14. b4 {(04:44} Ng6 {(04:15} 15. Bh2 {(
03:35} Bd7 {(02:43} 16. Rfa1 {(00:46} Rac8 {(05:03}
17. Ne5 {(09:23} Bd6 {(07:21} 18. Ndf3 {(10:00} Red8 {
(00:41} 19. Kf1 {(04:08} Be8 {(00:10} 20. Nxg6 {
(01:25} hxg6 {(02:08} 21. Bxd6 {(03:04} Rxd6 {(
00:07} 22. Ra5 {(01:01} Rb6 {(01:23} 23. R1a3 {(08:27}
Kf8 {(01:58} 24. Ne5 {(02:39} Nd7 {(03:48} 25. Nf3 {
(01:51} Nb8 {(00:24} 26. Ra2 {(05:36} Nc6 {(01:
55} 27. Rc5 {(01:54} Ne7 {(00:26} 28. Ne5 {(01:09} Nc6
{(02:14} 29. Nf3 {(06:23} Ne7 {(00:17} 30. Ke2 {
(00:49} f6 {(02:26} 31. Kd2 {(02:32} Rbc6 {(03:
03} 32. Rxc6 {(05:05} Bxc6 {(02:08} 33. Ra5 {(01:34}
Nf5 {(04:39} 34. Bxf5 {(04:03} gxf5 {(00:17} 35. Ra1 {
(01:30} Bb5 {(00:52} 36. Re1 {(00:42} Kf7 {(00:
30} 37. h4 {(01:18} Rh8 {(01:57} 38. g3 {(02:43} Ke7 {
(03:25} 39. Ke3 {(03:54} Kd6 {(02:05} 40. Kf4 {(
00:00} Rh5 {(00:00} 41. Re3 {(04:38} Bf1 {(03:39} 42.
Re1 {(00:43} Bb5 {(02:08} 43. Re3 {(05:37} Bf1 {
(00:36} 44. Re1 {(01:21} Bb5 {(00:22} 45. b3 {(
00:40} Rh8 {(02:14} 46. Rc1 {(00:47} Rc8 {(00:34} 47.
Nd2 {(00:13} Rc7 {(03:07} 48. c4 {(02:17} Bd7 {(
00:46} 49. Nf3 {(01:00} Rc8 {(04:10} 50. c5+ {(03:16}
Kc6 {(01:07} 51. Ne1 {(01:41} Re8 {(00:40} 52. Nc2 {
(00:59} Rh8 {(00:32} 53. Ra1 {(01:22} Kc7 {(02:
11} 54. Ra5 {(00:28} Re8 {(01:43} 55. Na3 {(01:28} e5+
{(01:15} 56. dxe5 {(00:52} fxe5+ {(00:10} 57. Ke3 {
(00:14} d4+ {(01:08} 58. Kd3 {(00:58} Rd8 {(01:
36} 59. b5 {(05:07} axb5 {(00:23} 60. b4 {(01:09} Bc6
{(01:10} 61. Nxb5+ {(00:33} Bxb5+ {(00:26} 62. Rxb5 {
(00:11} e4+ {(00:37} 63. Kd2 {(00:22} Ra8 {(00:
11} 64. c6 {(01:14} Ra2+ {(00:22} 65. Ke1 {(00:20}
Ra1+ {(00:38} 66. Kd2 {(00:25} Ra2+ {(01:15} 67. Ke1 {
(00:36} Ra1+ {(00:54} 68. Kd2 {(01:43} Ra2+ {(
00:08} 69. Ke1 {(03:37} Ra1+ {(00:12} 1/2-1/2

[Event "42nd Olympiad Baku 2016 Open"]
[Site "Baku"]
[Date "2016.09.08"]
[Round "6.11"]
[White "Sabar Ethmane Daouda"]
[Black "Maccapani, Massimiliano"]
[Result "1-0"]
[ECO "B23"]
[WhiteElo "2063"]
[BlackElo "1971"]
[Annotator ""]
[PlyCount "55"]
[EventDate "2016.??.??"]
[EventCountry "AZE"]
[SourceTitle "playchess.com"]
[Source "ChessBase"]
[WhiteTeam "MTN"]
[BlackTeam "San Marino"]
[BlackTeamCountry "SMR"]
[TimeControl "40/5400+30:1800+30"]

1. e4 {(00:00} c5 {(00:00} 2. Nc3 {(00:00} e6 {(
00:00} 3. g3 {(00:28} Nc6 {(01:14} 4. Bg2 {(00:09} Nf6
{(00:21} 5. f4 {(01:12} d6 {(03:10} 6. Nf3 {(01:
34} Be7 {(01:19} 7. d3 {(01:05} O-O {(00:41} 8. O-O {
(01:07} Qc7 {(03:26} 9. h3 {(00:26} Rb8 {(01:05]
} 10. g4 {(00:50} b5 {(01:41} 11. Ne2 {(03:46} Re8 12.
Ng3 Nd7 {(20:04} 13. g5 {(04:40} g6 {(03:13} 14. f5 {
(10:43} exf5 {(00:22} 15. exf5 {(00:02} Nde5 {(
00:38} 16. f6 {(04:01} Bf8 {(00:18} 17. Bf4 {(04:32}
Nxf3+ {(03:29} 18. Qxf3 {(00:14} Ne5 {(00:12} 19. Qf2 {
(01:30} Bb7 {(11:45} 20. Ne4 {(01:24} Rbc8 {(01:
23} 21. h4 {(08:53} Rcd8 {(06:21} 22. Qg3 {(05:03} a6
{(24:59} 23. Rae1 {(03:29} b4 {(01:27} 24. h5 {(
07:33} Bc8 {(03:03} 25. hxg6 {(12:26} hxg6 {(01:42}
26. Bxe5 {(14:28} Rxe5 {(00:14} 27. Rf4 {(01:01} d5 {
(03:17} 28. Rh4 {(00:15} 1-0

[Event "42nd Olympiad Baku 2016 Open"]
[Site "Baku"]
[Date "2016.09.08"]
[Round "6.23"]
[White "Saeed, Ishaq"]
[Black "Rahman, Ziaur"]
[Result "0-1"]
[ECO "A06"]
[WhiteElo "2310"]
[BlackElo "2512"]
[Annotator ""]
[PlyCount "116"]
[EventDate "2016.??.??"]
[EventCountry "AZE"]
[SourceTitle "playchess.com"]
[Source "ChessBase"]
[WhiteTeam "United Arab Emirates"]
[BlackTeam "Bangladesh"]
[WhiteTeamCountry "UAE"]
[BlackTeamCountry "BAN"]
[TimeControl "40/5400+30:1800+30"]

1. Nf3 {(00:00} d5 {(00:12} 2. e3 {(00:21} Nf6 {
(00:24} 3. c4 {(00:20} e6 {(00:32} 4. b3 {(00:
31} Be7 {(03:16} 5. Bb2 {(00:29} O-O {(00:08} 6. Nc3 {
(08:07} b6 {(01:57} 7. Qc2 {(09:46} Bb7 {(00:43]
} 8. Be2 {(23:43} c5 {(01:08} 9. Rd1 {(04:57} dxc4 {
(08:50} 10. bxc4 {(01:51} Nc6 {(02:02} 11. a3 {(
02:00} Rc8 {(00:57} 12. Bd3 {(14:49} h6 {(01:20} 13.
Ne2 {(00:32} Qd6 {(01:51} 14. Qc3 {(01:34} Rfe8 {
(03:44} 15. Bb1 {(05:21} Bf8 {(00:47} 16. Ng3 {(
06:02} e5 {(03:46} 17. Nh4 {(04:34} Qd4 {(20:28} 18.
Ne4 {(09:22} Nxe4 {(04:11} 19. Qc2 {(00:09} Qd7 {
(03:25} 20. Qxe4 {(00:27} g6 {(00:10} 21. Qf3 {(
05:00} Bg7 {(06:28} 22. Qg3 {(00:01} Qe6 {(03:03} 23.
O-O {(01:02} Ne7 {(07:29} 24. Bc3 {(00:29} g5 {(
02:19} 25. Nf3 {(00:11} e4 {(00:37} 26. Bxg7 {(00:44}
exf3 {(04:19} 27. Bc3 {(00:27} fxg2 {(00:59} 28. Rfe1 {
(00:13} Nf5 {(01:35} 29. Bxf5 {(00:23} Qxf5 {(
00:05} 30. d3 {(00:55} Bf3 {(00:53} 31. Rd2 {(00:30}
Kh7 {(03:57} 32. h3 {(00:12} h5 {(00:29} 33. e4 {
(00:54} Qf4 {(02:12} 34. Qxf4 {(00:26} gxf4 {(
00:04} 35. Bf6 {(00:07} Kg6 {(00:20} 36. e5 {(00:57}
Kf5 {(00:15} 37. d4 {(00:29} Rc6 {(02:34} 38. Rd3 {
(00:13} Rxf6 {(03:29} 39. Rxf3 {(00:14} Rg6 {(
01:43} 40. Rd1 {(00:00} Rd8 {(00:00} 41. d5 {(09:16}
b5 {(11:49} 42. cxb5 {(16:24} Kxe5 {(00:17} 43. Re1+ {
(00:06} Kf5 {(01:58} 44. Rd1 {(00:01} Ke4 {(01:
31} 45. Rfd3 {(00:13} Ke5 {(02:34} 46. Re1+ {(01:10}
Kd6 {(01:50} 47. Re4 {(00:14} Rc8 {(02:49} 48. Rxf4 {
(01:14} c4 {(00:05} 49. Rdd4 {(01:06} c3 {(00:
34} 50. Rd1 {(04:38} c2 {(00:40} 51. Rc1 {(00:01} Rc3
{(00:16} 52. f3 {(02:16} Rd3 {(00:47} 53. Re4 {(
00:49} Rxf3 {(00:12} 54. Ree1 {(00:36} Rxh3 {(00:23}
55. Kf2 {(00:25} h4 {(01:33} 56. Rxc2 {(00:34} g1=Q+ {
(00:23} 57. Rxg1 {(00:26} Rh2+ {(00:05} 58. Ke3 {
(00:34} Rxc2 {(00:06} 0-1